 Dungeon Crawl Stone Soup version 0.29.1-1-gd02db69 (webtiles) character file.

Game seed: 6566744601664567798

3259 Timinator the Martial Artist (level 9, -4/71 HPs)
             Began as a Demigod Transmuter on Jan 11, 2023.
             Slain by a vampire
             ... wielding a +2 vampiric halberd
              (13 damage)
             ... in a bailey.
             The game lasted 00:23:33 (7386 turns).

Timinator the Martial Artist (Demigod Transmuter)   Turns: 7386, Time: 00:23:34

Health: -4/71      AC:  6    Str: 21    XL:     9   Next: 40%
Magic:  14/15      EV: 14    Int: 15    God:
Gold:   314        SH:  0    Dex: 22    Spells: 5/12 levels left

rFire   + . .      SeeInvis .     - Unarmed
rCold   . . .      Faith    .   (no shield)
rNeg    . . .      Spirit   .   v - +0 ring mail
rPois   .          Reflect  .   (helmet currently unavailable)
rElec   .          Harm     .   b - +0 cloak
rCorr   .          Rampage  .   (no gloves)
Will    .....                   (boots currently unavailable)
Stlth   +.........              (no amulet)
HPRegen 0.21/turn               e - +6 ring of strength
MPRegen 0.14/turn               B - ring of protection from fire

@: mighty, appendages
A: horns 2, talons 2, high MP 1, forlorn, divine attributes
a: End Transformation


You were in a bailey.
You had temporarily grown beastly horns and talons.
You visited 1 branch of the dungeon, and saw 7 of its levels.
You also visited: Bailey.

You collected 314 gold pieces.

Inventory:

Missiles
 n - 6 poisoned darts (quivered)
 G - a throwing net
Armour
 b - a +0 cloak (worn)
 r - a +0 pair of boots (melded)
 v - a +0 ring mail (worn)
Jewellery
 e - a +6 ring of strength (left hand)
 t - a ring of protection from cold
 x - a ring of protection from cold
 B - a ring of protection from fire (right hand)
 E - an amulet of guardian spirit
Wands
 s - a wand of iceblast (12)
Scrolls
 a - 3 scrolls of teleportation
 d - a scroll of amnesia {unknown}
 f - 2 scrolls of magic mapping {unknown}
 j - 2 scrolls of summoning {unknown}
 k - a scroll of enchant weapon {unknown}
 o - 2 scrolls of immolation {unknown}
 q - a scroll of torment {unknown}
 u - a scroll of butterflies {unknown}
 y - a scroll of poison {unknown}
 F - 3 scrolls of enchant armour {unknown}
 H - a scroll of vulnerability {unknown}
Potions
 c - a potion of cancellation
 g - a potion of degeneration {unknown}
 h - a potion of invisibility {unknown}
 l - a potion of attraction
 m - 5 potions of mutation
 w - 3 potions of curing
 C - a potion of ambrosia
Miscellaneous
 i - a phantom mirror


   Skills:
 * Level 4.3 Fighting
 - Level 3.0 Armour
 * Level 5.3 Dodging
 * Level 8.7 Unarmed Combat
 - Level 2.0 Spellcasting
 * Level 6.0 Transmutations


You had 5 spell levels left.
You knew the following spells:

 Your Spells              Type           Power      Damage    Failure   Level
a - Beastly Appendage     Tmut           38%        N/A       3%          1
b - Wereblood             Tmut           19%        N/A       4%          2
c - Ice Form              Ice/Tmut       10%        N/A       71%         4

Your spell library contained the following spells:

 Spells                   Type           Power      Damage    Failure   Level
 Spider Form              Tmut/Pois      10%        N/A       30%         3
 Magic Dart               Conj           4%         1d3       34%         1
 Blink                    Tloc           2%         N/A       47%         2
 Call Imp                 Summ           1%         N/A       47%         2
 Lesser Beckoning         Tloc           1%         N/A       71%         3
 Mephitic Cloud           Conj/Pois/Air  1%         N/A       71%         3
 Manifold Assault         Tloc           1%         N/A       100%        5


Dungeon Overview and Level Annotations

Branches:
Dungeon (7/15)             Temple (0/1) D:6          Bailey (1/1)


Innate Abilities, Weirdness & Mutations

You have temporarily grown beastly horns and talons.
You have an increased reservoir of magic. (+10% MP)
You shall have no god before yourself.
Your divine heritage dramatically boosts your attributes as you level up.


Message History

The vampire closely misses you.
You hit the vampire but do no damage. You claw the vampire.
Your headbutt misses the vampire.
The vampire is lightly damaged.
Your transformation is almost over.
You punch the vampire! You claw the vampire, but do no damage.
The vampire is moderately damaged.
The vampire hits you with a +2 vampiric halberd!
The vampire draws strength from your wounds!
The vampire closely misses you.
You punch the vampire! You claw the vampire, but do no damage.
The vampire is heavily damaged.
The vampire casts a spell at you. You resist with some effort.
You hit the vampire. Your kick misses the vampire. You headbutt the vampire.
The vampire is heavily damaged.
The vampire mumbles some strange words.
The vampire flickers and vanishes!
Deactivating autopickup; reactivate with Ctrl-A.
Your magical contamination has completely faded away.
You hit something. Your kick misses something. Something hits you!
Something bites you.
* * * LOW HITPOINT WARNING * * *
Something draws strength from your injuries!
You feel much better. Something hits you! Something bites you.
Something draws strength from your injuries!
You feel very mighty all of a sudden.
Your primal bloodlust has ended.
Something hits you!!
* * * LOW HITPOINT WARNING * * *
Something barely misses you.
Casting: Beastly Appendage (safe; 3% risk of failure)
Confirm with . or Enter, or press ? or * to list all spells.
You extend your transformation's duration.
Something hits you.
* * * LOW HITPOINT WARNING * * *
Something bites you.
* * * LOW HITPOINT WARNING * * *
Something draws strength from your injuries!
You punch something! Your kick misses something. Something hits you!
You die...

...#..#.......♣...#####
...####...#.....♣..#
..)'....####.......#
...'...##..##.....8#
...#...#....#########
...#...............8#
##)#.....)#.........#
#.)#.....##...##''###
#..#######...##.@..##
#..# ......##..{...#
#..# .....8#...##...#
#### #######..# #..#
#.. ..# #.. .8# ##[ ##


There were no monsters in sight!

Vanquished Creatures
  A gargoyle (Bailey)
  2 steam dragons
  2 water moccasins (D:7)
  A sky beast (D:6)
  2 ogres
  A centaur (D:7)
  2 phantoms (D:6)
  A kobold brigand (D:6)
  2 necrophages
  3 bullfrogs
  6 scorpions
  A howler monkey (D:7)
  7 vampire bats (Bailey)
  A jelly (D:6)
  Crazy Yiuf (D:3)
  An orc priest (D:6)
  A gnoll bouda (D:6)
  3 hounds
  Terence (D:2)
  4 orc wizards
  5 iguanas
  Natasha (thrice) (D:2)
  3 adders
  16 gnolls
  A white imp (D:7)
  2 ufetubi
  2 worms
  7 dart slugs
  21 orcs
  8 ball pythons
  4 bats
  11 endoplasms
  2 giant cockroaches
  6 goblins
  2 hobgoblins
  A quokka (D:1)
  A frilled lizard (D:1)
  9 kobolds
  23 orc zombies (Bailey)
  6 rats
176 creatures vanquished.

Vanquished Creatures (others)
  An orc (D:6)
1 creature vanquished.

Grand Total: 177 creatures vanquished

Notes
Turn   | Place    | Note
-------+----------+-------------------------------------------
     0 | D:1      | Timinator the Demigod Transmuter began the quest for the
                  | Orb.
     0 | D:1      | Reached XP level 1. HP: 15/15 MP: 5/5
   163 | D:1      | Reached skill level 1 in Fighting
   446 | D:1      | Reached XP level 2. HP: 23/23 MP: 5/7
   520 | D:1      | Reached skill level 3 in Unarmed Combat
   627 | D:2      | Reached XP level 3. HP: 8/28 MP: 8/8
   878 | D:2      | Identified the +2 robe of Dishonour {Will- Dex+6 Slay-6}
   993 | D:2      | Learned a level 2 spell: Wereblood
   998 | D:2      | Noticed Terence
  1052 | D:2      | Reached skill level 1 in Armour
  1112 | D:2      | Noticed Natasha
  1128 | D:2      | Killed Natasha
  1129 | D:2      | Reached XP level 4. HP: 34/35 MP: 7/9
  1235 | D:2      | Noticed Natasha
  1243 | D:2      | Killed Terence
  1251 | D:2      | Killed Natasha
  1567 | D:2      | Noticed Natasha
  1574 | D:2      | Killed Natasha
  1575 | D:2      | Reached XP level 5. HP: 41/41 MP: 8/10
  2113 | D:3      | Reached skill level 4 in Unarmed Combat
  2286 | D:3      | Found a runed translucent door.
  2287 | D:3      | Noticed Crazy Yiuf
  2871 | D:3      | Killed Crazy Yiuf
  3004 | D:4      | Noticed an ogre
  3018 | D:4      | Reached XP level 6. HP: 45/48 MP: 7/11
  3570 | D:4      | Reached skill level 5 in Unarmed Combat
  3733 | D:5      | Entered Level 5 of the Dungeon
  3742 | D:5      | Reached XP level 7. HP: 43/56 MP: 9/13
  4116 | D:5      | Noticed a steam dragon
  4123 | D:5      | Killed a steam dragon
  4328 | D:5      | Reached skill level 6 in Unarmed Combat
  4824 | D:5      | Reached XP level 8. HP: 63/63 MP: 11/14
  5442 | D:6      | Reached skill level 5 in Transmutations
  5449 | D:6      | Reached skill level 7 in Unarmed Combat
  6330 | D:6      | Found a staircase to the Ecumenical Temple.
  6501 | D:7      | Reached skill level 8 in Unarmed Combat
  6501 | D:7      | Reached XP level 9. HP: 60/71 MP: 13/15
  6762 | D:7      | Found a flagged portal.
  6767 | Bailey   | Entered a bailey
  7177 | Bailey   | Reached skill level 5 in Dodging
  7188 | Bailey   | Noticed a gargoyle
  7207 | Bailey   | Killed a gargoyle
  7313 | Bailey   | Learned a level 4 spell: Ice Form
  7386 | Bailey   | Slain by a vampire

Illustrated notes

Levels and vault maps discovered:
D:1:      minmay_arrival_split_and_join, layout_rooms,
          chequers_ecumenical_altar_island
D:2:      layout_loops_ring, uniq_natasha, uniq_terence
D:3:      layout_basic, gammafunk_temple_overflow_statue,
          uniq_crazy_yiuf_cottage
D:4:      layout_basic
D:5:      cheibrodos_iron_armory, layout_loops_ring, serial_co_window_serial,
          co_window_corner_a, co_window_paths_a, co_window_paths_b,
          co_window_paths_a, co_window_corner_a, co_window_2corner,
          co_window_corner_b, co_window_of_opportunity_b, co_window_sun,
          glass_columns_c, glass_columns_a, glass_columns_c
D:6:      layout_rooms, temple_hall
D:7:      layout_basic, enter_bailey_3, serial_shops, shop
Bailey:   bailey_polearm_vampire_castle_hellmonk, bailey

Skill      XL: |  1  2  3  4  5  6  7  8  9 |
---------------+----------------------------+-----
Fighting       | 1 2 3 4 |  4.3
Transmutations | 2 3 4 5 6 |  6.0
Unarmed Combat | 3 4 5 6 8 |  8.7
Dodging        | 2 3 4 5 |  5.3
Spellcasting   | 2 |  2.0
Armour         | 1 2 3 |  3.0

Action                   |  1- 3 |  4- 6 |  7- 9 || total
-------------------------+-------+-------+-------++-------
Melee: Unarmed           |    63 |   117 |   288 ||   468
       Kick              |    11 |    28 |    79 ||   118
       Headbutt          |     7 |    18 |    56 ||    81
       Punch             |     1 |     1 |    26 ||    28
 Cast: Beastly Appendage |    17 |    28 |    35 ||    80
       Wereblood         |       |     5 |    17 ||    22
  Use: Scroll            |     1 |       |     6 ||     7
       Potion            |       |     1 |     6 ||     7
 Stab: Sleeping          |       |     4 |       ||     4
Armor: Robe              |     5 |       |       ||     5
       Leather armour    |     6 |    14 |    25 ||    45
       Skin              |       |       |   183 ||   183
       Ring mail         |       |       |    16 ||    16
Dodge: Dodged            |    28 |    46 |   192 ||   266
